 Dungeon Crawl Stone Soup version 0.27.0-1-g7a089689b8 (webtiles) character file.

Game seed: 15063679907014252803

11 Leeroy the Slasher (level 2, 0/23 HPs)
             Began as a Djinni Warper on Aug 6, 2021.
             Slain by a ball python (2 damage)
             ... on level 1 of the Dungeon.
             The game lasted 00:00:46 (380 turns).

Leeroy the Slasher (Djinni Warper)                   Turns: 380, Time: 00:00:46

Health: 0/23       AC:  3    Str: 10    XL:     2   Next: 40%
Gold:   0          EV:  8    Int: 14    God:
                   SH:  0    Dex: 12

rFire    + + .     SeeInvis .   a - +0 falchion
rCold    x . .     Faith    .   (no shield)
rNeg     . . .     Spirit   .   b - +0 leather armour
rPois    ∞         Reflect  .   (no helmet)
rElec    .         Harm     .   (no cloak)
rCorr    .         Rampage  .   (no gloves)
Will     .....                  (boots unavailable)
Stlth    +.........             (no amulet)
HPRegen  0.07/turn              (no ring)
MPRegen  0.00/turn              (no ring)

@: flying, constricted
A: sickness immunity, fire resistance 2, cold vulnerability 1, float, innate
caster, hp casting, extra vitality 1
a: no special abilities


You were on level 1 of the Dungeon.
You visited 1 branch of the dungeon, and saw 1 of its levels.

Inventory:

Hand Weapons
 a - a +0 falchion (weapon)
Missiles
 d - 5 boomerangs of dispersal (quivered)
Armour
 b - a +0 leather armour (worn)
Scrolls
 c - a scroll of blinking
 f - a scroll of amnesia {unknown}
Potions
 e - a potion of lignification {unknown}


   Skills:
 - Level 2.0 Fighting
 + Level 2.6 Long Blades
 - Level 0.7 Throwing
 - Level 1.0 Armour
 - Level 2.1 Dodging
 - Level 2.4 Spellcasting


You couldn't memorise any spells.
You knew the following spells:

 Your Spells              Type           Power      Damage    Failure   Level
a - Blink                 Tloc           N/A        N/A       17%         2
b - Lesser Beckoning      Tloc           4%         N/A       34%         3
c - Gell's Gravitas       Tloc           4%         N/A       34%         3
d - Teleport Other        Tloc           8%         N/A       34%         3
e - Manifold Assault      Tloc           8%         N/A       97%         5
Your spell library was empty.

Dungeon Overview and Level Annotations

Branches:
Dungeon (1/15)

Altars:


Innate Abilities, Weirdness & Mutations

You are immune to sickness and miasma.
You are immune to poison.
Your flesh is very heat resistant. (rF++)
You are vulnerable to cold. (rC-)
You float through the air rather than walking.
You learn spells naturally, not from books.
Your magical power is your life essence.
You have superior vitality. (+4 HP)


Message History

You kill the endoplasm!
No target in view!
No target in view!
No target in view!
f - a scroll labelled HANIFAWULU Key pressed, stopping explore.
A kobold comes into view. It is wielding a +0 dagger.
The kobold shouts!
You hear a shout!
A kobold is nearby!
A hobgoblin comes into view. It is wielding a +0 mace.
The hobgoblin shouts!
The kobold closely misses you.
You hit the kobold.
The kobold is heavily wounded.
The kobold hits you but does no damage.
You miss the kobold.
The kobold is heavily wounded.
The kobold closely misses you.
You riposte.
You hit the kobold.
You kill the kobold!
A ball python comes into view.
You closely miss the hobgoblin. The hobgoblin hits you with a +0 mace.
You closely miss the hobgoblin. The hobgoblin misses you.
You hit the hobgoblin.
The hobgoblin is lightly wounded.
The hobgoblin hits you with a +0 mace!
You are too injured to fight recklessly!
You are too injured to fight recklessly!
You are too injured to fight recklessly!
You are too injured to fight recklessly!
You are too injured to fight recklessly!
You hit the hobgoblin.
The hobgoblin is moderately wounded.
The hobgoblin hits you with a +0 mace!
* * * LOW HITPOINT WARNING * * *
You hit the hobgoblin.
You kill the hobgoblin!
You hit the ball python but do no damage.
The ball python barely misses you. The ball python grabs you.
The ball python constricts you. The ball python bites you.
You die...

## .. .. #. #.
######.
.......########
#)S@.....#
########.# #.#
#.# #.# #.# #.#
#.# #.#


You could see a ball python.

Vanquished Creatures
  2 endoplasms (D:1)
  A hobgoblin (D:1)
  4 jackals (D:1)
  A kobold (D:1)
  A bat (D:1)
9 creatures vanquished.

Notes
Turn   | Place    | Note
-------+----------+-------------------------------------------
     0 | D:1      | Leeroy the Djinni Warper began the quest for the Orb.
     0 | D:1      | Reached XP level 1. HP: 18/18 MP: 0/0
    37 | D:1      | Reached XP level 2. HP: 8/23 MP: 0/0
   380 | D:1      | Slain by a ball python

Illustrated notes

Levels and vault maps discovered:
D:1:      lightli_arrival_statuegarden, layout_loops_ring,
          shapermc_ecumenical_altar_mp_vishouse, serial_park_tiny_1

Skill      XL: |  1 |
---------------+----+-----
Long Blades    | 2 |  2.6
Fighting       | |  2.0
Throwing       | |  0.7
Armour         | |  1.0
Dodging        | |  2.1
Spellcasting   | |  2.4

Action                   || total
-------------------------++-------
Melee: Falchion          ||    29
Armor: Leather armour    ||    14
Dodge: Dodged            ||    25
       Rpst.: Falchion   ||     8
